 Dungeon Crawl Stone Soup version 0.27-a0-1105-g946c659c87 (webtiles) character file.

Game seed: 16096691684924215811

119 kae the Skirmisher (level 5, -4/42 HPs)
             Began as a Formicid Abyssal Knight on Apr 29, 2021.
             Was a Believer of Lugonu.
             Slain by a sky beast (5 damage)
             ... on level 4 of the Dungeon.
             The game lasted 00:03:43 (3909 turns).

kae the Skirmisher (Formicid Abyssal Knight)        Turns: 3909, Time: 00:03:43

Health: -4/42      AC:  4    Str: 17    XL:     5   Next: 23%
Magic:  7/7        EV: 11    Int: 12    God:    Lugonu [**....]
Gold:   194        SH:  0    Dex: 10    Spells: 4/4 levels left

rFire    . . .     SeeInvis +   a - +1 falchion
rCold    . . .     Faith    .   (no shield)
rNeg     . . .     Spirit   .   b - +1 leather armour
rPois    .         Reflect  .   (helmet unavailable)
rElec    .         Harm     .   (no cloak)
rCorr    .         Rampage  .   (no gloves)
Will     .....                  (no boots)
Stlth    +.........             (no amulet)
HPRegen  0.14/turn              (no ring)
MPRegen  0.10/turn              (no ring)

@: no status effects
A: permanent stasis, dig shafts and tunnels, antennae 3, four strong arms
a: Dig, Shaft Self, Renounce Religion, Depart the Abyss, Bend Space


You were on level 4 of the Dungeon.
You worshipped Lugonu.
Lugonu was pleased with you.
You visited 1 branch of the dungeon, and saw 4 of its levels.
You visited the Abyss 1 time.

You collected 194 gold pieces.

Inventory:

Hand Weapons
 a - a +1 falchion (weapon)
 d - a +0 great sword of holy wrath
Missiles
 c - 2 atropa-tipped darts
Armour
 b - a +1 leather armour (worn)
Scrolls
 e - a scroll of fear
 g - a scroll of amnesia
 i - a scroll of enchant armour
 j - 2 scrolls of fog
 l - a scroll of immolation {unknown}
 m - 2 scrolls of noise {unknown}
 n - a scroll of identify
Potions
 f - 2 potions of attraction
 h - a potion of brilliance
 k - a potion of degeneration {unknown}


   Skills:
 + Level 4.0 Fighting
 * Level 3.3 Long Blades
 + Level 3.0 Armour
 + Level 1.6 Dodging
 + Level 3.0 Invocations


You had 4 spell levels left.
You didn't know any spells.
Your spell library contained the following spells:

 Spells                   Type           Power      Damage    Failure   Level
 Animate Skeleton         Necr           0%         N/A       36%         1
 Pain                     Necr           0%         1d4       36%         1
 Vampiric Draining        Necr           0%         2d6       75%         3
 Animate Dead             Necr           0%         N/A       98%         4
 Agony                    Necr           0%         N/A       100%        5


Dungeon Overview and Level Annotations

Branches:
Dungeon (4/15)
 Temple: D:4-7

Altars:

Annotations:
D:2 Sigmund


Innate Abilities, Weirdness & Mutations

You cannot be hasted, slowed, berserked, paralysed or teleported.
You can dig through walls and to a lower floor.
You have a pair of large antennae on your head. (SInv)
Your four strong arms can wield two-handed weapons with a shield.


Message History

You closely miss the sky beast.
The sky beast is moderately wounded.
You hit the sky beast.
The sky beast is moderately wounded.
The sky beast hits you but does no damage.
You slash the sky beast!
The sky beast is heavily wounded.
The sky beast hits you but does no damage.
You completely miss the sky beast.
The sky beast is heavily wounded.
The sky beast hits you but does no damage.
You completely miss the sky beast.
The sky beast is heavily wounded.
The sky beast closely misses you.
You hit the sky beast.
The sky beast is severely wounded.
The sky beast hits you but does no damage.
You barely miss the sky beast.
The sky beast is severely wounded.
The sky beast hits you. The sky beast shocks you.
You miss the sky beast.
The sky beast is severely wounded.
The sky beast hits you. The sky beast shocks you.
You barely miss the sky beast.
The sky beast is severely wounded.
The sky beast hits you. The sky beast shocks you.
* * * LOW HITPOINT WARNING * * *
The sky beast hits you but does no damage.
You barely miss the sky beast.
The sky beast is severely wounded.
The sky beast hits you.
* * * LOW HITPOINT WARNING * * *
The sky beast shocks you.
* * * LOW HITPOINT WARNING * * *
You hit the sky beast but do no damage.
The sky beast is severely wounded.
The sky beast hits you.
* * * LOW HITPOINT WARNING * * *
The sky beast shocks you.
You die...

#.##...#######.#.##.#
#.#.....# #.#.##.#
..##...## #......#
#####.## ###.#### #.#
##...## #.# ##.....##
##+## ##.......#
##...## ##........#
##.....###.....@...#
##.......##.#...Y..##
#.........#......≈.#
'.........+........#
#.........####...#.#
##.......## ##.##.#
##.....## ## .#
##...#### .# #......#


You could see a sky beast.

Vanquished Creatures
  4 adders
  A dart slug (D:3)
  2 orcs (D:3)
  5 endoplasms
  9 giant cockroaches
  5 goblins
  10 hobgoblins
  2 jackals (D:2)
  4 quokkas
  5 ball pythons
  8 bats
  3 frilled lizards (D:3)
  8 kobolds
  6 rats
72 creatures vanquished.

Notes
Turn   | Place    | Note
-------+----------+-------------------------------------------
     0 | Abyss:1  | kae the Formicid Abyssal Knight began the quest for the
                  | Orb.
     0 | Abyss:1  | Reached XP level 1. HP: 18/18 MP: 2/2
     1 | Abyss:1  | Found a corrupted altar of Lugonu.
    74 | Abyss:1  | Noticed a starcursed mass
    80 | D:1      | Escaped the Abyss
   184 | D:1      | You fall into a shaft and drop 1 floor!
   261 | D:2      | Reached skill level 1 in Dodging
   261 | D:2      | Reached XP level 2. HP: 24/24 MP: 3/3
   613 | D:1      | You fall into a shaft and drop 1 floor!
   615 | D:2      | HP: 1/24 [hobgoblin (3)]
   914 | D:2      | Reached XP level 3. HP: 28/29 MP: 4/4
  1171 | D:1      | Found a faded altar of an unknown god.
  1206 | D:1      | Reached ** piety under Lugonu
  1861 | D:2      | Reached XP level 4. HP: 33/37 MP: 5/5
  1996 | D:2      | Noticed Sigmund
  3039 | D:3      | Reached XP level 5. HP: 42/42 MP: 7/7
  3295 | D:3      | Identified a scroll of acquirement
  3295 | D:3      | Acquired a +0 great sword of holy wrath
  3840 | D:4      | Reached skill level 4 in Fighting
  3893 | D:4      | Noticed a sky beast
  3909 | D:4      | HP: 1/42 [sky beast (3)]
  3909 | D:4      | Slain by a sky beast

Illustrated notes

Levels and vault maps discovered:
D:1:      saegor_arrival_simple_a, layout_loops_ring,
          chequers_ecumenical_altar_grove, hex_medium
D:2:      layout_basic, uniq_sigmund
D:3:      layout_loops_ring
D:4:      layout_loops_corners, gammafunk_temple_overflow_wave, minmay_bent

Skill      XL: |  1  2  3  4  5 |
---------------+----------------+-----
Dodging        | 1 |  1.6
Long Blades    | 3 |  3.3
Armour         | 3 |  3.0
Invocations    | 3 |  3.0
Fighting       | 4 |  4.0

Action                   |  1- 3 |  4- 6 || total
-------------------------+-------+-------++-------
Melee: Falchion          |    99 |   112 ||   211
 Abil: Shaft Self        |     1 |       ||     1
       Dig               |       |     1 ||     1
  Use: Scroll            |     7 |     3 ||    10
Armor: Leather armour    |    35 |    40 ||    75
Dodge: Dodged            |    83 |    52 ||   135
       Rpst.: Falchion   |    22 |    18 ||    40

Table legend: (Time is in decaauts)
 A = Elapsed time spent in this place.
 B = Non-inter-level travel time spent in this place.
 C = Inter-level travel time spent in this place.
 D = Time resting spent in this place.
 E = Time spent auto-exploring this place.
 F = Levels seen in this place.
 G = Mean time per level.
                   A        B        C        D        E       F      G
               +--------+--------+--------+--------+--------+-----+--------+
         Total |   3944 |   3868 |     76 |    621 |   2693 |   5 |  788.8 |
       Dungeon |   3864 |   3788 |     76 |    621 |   2638 |   4 |  966.0 |
         Abyss |     80 |     80 |      0 |      0 |     55 |   1 |   80.0 |
               +--------+--------+--------+--------+--------+-----+--------+

Top non-repeatable levels by time:
     D:2: 1320 daAuts
     D:3: 1168 daAuts
     D:1: 1057 daAuts
     D:4: 317 daAuts
 Abyss:1: 80 daAuts
